 Dungeon Crawl Stone Soup version 0.29.1-15-g9cfb28693d (webtiles) character file.

Game seed: 13222144584049527140

125 Dvallin the Trooper (level 5, 33/47 HPs)
             Began as a Gnoll Wanderer on Feb 26, 2023.
             Quit the game on level 3 of the Dungeon on Mar 12, 2023.
             The game lasted 00:10:03 (2382 turns).

Dvallin the Trooper (Gnoll Wanderer)                Turns: 2382, Time: 00:10:04

Health: 33/47      AC:  6    Str: 12    XL:     5   Next: 9%
Magic:  9/9        EV: 12    Int: 12    God:
Gold:   217        SH:  0    Dex: 14    Spells: 9/10 levels left

rFire   . . .      SeeInvis .   k - +1 dagger (drain)
rCold   . . .      Faith    .   (no shield)
rNeg    + . .      Spirit   +   d - +0 leather armour
rPois   .          Reflect  .   (no helmet)
rElec   .          Harm     .   (no cloak)
rCorr   .          Rampage  .   (no gloves)
Will    +....                   y - +2 pair of boots
Stlth   ++........              u - amulet of Sid Neew {Spirit rN+ Will+ Str-2 Dex+4}
HPRegen 0.15/turn               n - ring of flight
MPRegen 0.11/turn               (no ring)

@: flying
A: fangs 1, strong nose, distributed training
a: no special abilities


You were on level 3 of the Dungeon.
You visited 1 branch of the dungeon, and saw 4 of its levels.

You collected 217 gold pieces.

Inventory:

Hand Weapons
 j - a +0 dagger of flaming
 k - a +1 dagger of draining (weapon)
 l - a +1 short sword of holy wrath
 s - a +0 whip of electrocution
Missiles
 i - 2 throwing nets
Armour
 d - a +0 leather armour (worn)
 m - a +0 pair of boots of rampaging
 y - a +2 pair of boots (worn)
Magical Staves
 o - a staff of poison
Jewellery
 n - a ring of flight (left hand)
 u - the amulet of Sid Neew (around neck) {Spirit rN+ Will+ Str-2 Dex+4}
   (You found it on level 3 of the Dungeon)

   [amulet of guardian spirit]

   It causes incoming damage to be divided between your reserves of health and
   magic.
   Str:       It affects your strength (-2).
   Dex:       It affects your dexterity (+4).
   rN:        It protects you from negative energy.
   Will:      It increases your willpower.
Scrolls
 c - 2 scrolls of fear
 e - 2 scrolls of teleportation
 g - a scroll of vulnerability {unknown}
 q - a scroll of brand weapon {unknown}
 r - a scroll of acquirement {unknown}
 t - a scroll of summoning {unknown}
 w - a scroll of noise {unknown}
 x - a scroll of identify {unknown}
Potions
 a - a potion of magic {unknown}
 b - a potion of attraction
 f - 3 potions of heal wounds {unknown}
 h - a potion of brilliance {unknown}
 p - a potion of flight {unknown}
 v - a potion of might {unknown}


   Skills:
 + Level 6.6 Fighting
 + Level 1.4 Short Blades
 + Level 1.4 Long Blades
 + Level 1.4 Axes
 + Level 1.4 Maces & Flails
 + Level 1.4 Polearms
 + Level 1.4 Staves
 + Level 1.4 Ranged Weapons
 + Level 1.4 Throwing
 + Level 1.4 Armour
 + Level 2.9 Dodging
 + Level 1.4 Stealth
 + Level 1.4 Shields
 + Level 2.9 Unarmed Combat
 + Level 3.1 Spellcasting
 + Level 1.1 Conjurations
 + Level 1.1 Hexes
 + Level 1.1 Summonings
 + Level 1.1 Necromancy
 + Level 1.1 Translocations
 + Level 1.1 Transmutations
 + Level 5.5 Fire Magic
 + Level 1.1 Ice Magic
 + Level 1.1 Air Magic
 + Level 1.1 Earth Magic
 + Level 1.1 Poison Magic
 + Level 3.0 Invocations
 + Level 1.4 Evocations


You had 9 spell levels left.
You knew the following spells:

 Your Spells              Type           Power      Damage    Failure   Level
a - Foxfire               Conj/Fire      36%        2x1d5     8%          1

Your spell library contained the following spells:

 Spells                   Type           Power      Damage    Failure   Level
 Magic Dart               Conj           16%        1d3       19%         1
 Conjure Flame            Conj/Fire      9%         6-21      24%         3
 Searing Ray              Conj           8%         2d4       28%         2
 Ignite Poison            Fire/Tmut/Pois 8%         N/A       32%         3
 Fulminant Prism          Conj/Hex       2%         3d6       88%         4


Dungeon Overview and Level Annotations

Branches:
Dungeon (4/15)
 Temple: D:4-7

Altars:

Shops:
D:3 !


Innate Abilities, Weirdness & Mutations

You have very sharp teeth.
Your uncanny sense of smell can sniff out nearby items.
Your experience applies equally to all skills.


Message History

Reactivating autopickup.
You feel a bit more experienced.
Your Invocations skill increases to level 3!
You have reached level 5!
Things that are here:
a +0 dagger; a +0 robe; an orc corpse
There is a stone staircase leading down, spattered with blood here.
Things that are here:
a +0 short sword; an orc corpse
There is a stone staircase leading down, spattered with blood here.
You start resting.
Magic restored.
You fly downwards.
The giant cockroach bites you but does no damage.
The goblin closely misses you. The giant cockroach misses you.
There is a stone staircase leading up here.
The goblin closely misses you.
The giant cockroach bites you but does no damage.
You fly upwards.
There is a stone staircase leading down, spattered with blood here.
You hit the goblin. You drain the goblin.
You kill the goblin!
The giant cockroach bites you but does no damage.
You closely miss the giant cockroach. The giant cockroach barely misses you.
You hit the giant cockroach.
You bite the giant cockroach, but do no damage.
The giant cockroach is lightly wounded.
The giant cockroach closely misses you.
You hit the giant cockroach. You drain the giant cockroach.
You kill the giant cockroach!
Items here: ) [ ††.
Okay, then.
There is a stone staircase leading down, spattered with blood here.
Things that are here:
a +0 dagger; a +0 short sword; an orc corpse Unknown command.
Saving game... please wait.
Welcome back, Dvallin the Gnoll Wanderer.
Press ? for a list of commands and other information.
Are you sure you want to abandon this character and quit the game? (Confirm with "yes".)

.##.###.# #.#
#.##.#.######### ....# #.#
#.# ####.##.#..........
.#### #.# #.#
#.......#.######### ##
#.###.###.##....#.#
#######.........##..###.####
(....######.######÷.#
#.##.## ####.# #.# #..#
#.....# #.# #.######..#
#.##.## #.#
#...[>@...###.##.# #.#
#########.....##.# #.#
#.######.#
#.##############.# #.#
#.............[..# #.#
################.# #.# #.#
#.# #.# #.# #.# #.#


There were no monsters in sight!

Vanquished Creatures
  An orc wizard (D:3)
  3 adders (D:2)
  A worm (D:3)
  A dart slug (D:2)
  3 orcs (D:3)
  An endoplasm (D:2)
  4 giant cockroaches
  8 goblins
  6 hobgoblins
  4 quokkas
  7 ball pythons
  7 bats
  5 frilled lizards
  5 kobolds
  6 rats
62 creatures vanquished.

Vanquished Creatures (others)
  56 foxfires
56 creatures vanquished.

Grand Total: 118 creatures vanquished

Notes
Turn   | Place    | Note
-------+----------+-------------------------------------------
     0 | D:1      | Dvallin the Gnoll Wanderer began the quest for the Orb.
     0 | D:1      | Dvallin set off with the following items: a +0 club, a
                  | potion of attraction, a scroll of fear, a +0 leather
                  | armour, a scroll of teleportation; and the following spell
                  | memorised: Foxfire; and the following spells available to
                  | memorise: Conjure Flame, Ignite Poison.
     0 | D:1      | Reached XP level 1. HP: 23/23 MP: 4/4
   214 | D:1      | Reached XP level 2. HP: 26/29 MP: 0/5
  1029 | D:2      | Reached XP level 3. HP: 34/35 MP: 7/7
  1090 | D:2      | Reached skill level 1 in Short Blades
  1090 | D:2      | Reached skill level 1 in Long Blades
  1090 | D:2      | Reached skill level 1 in Axes
  1090 | D:2      | Reached skill level 1 in Maces & Flails
  1090 | D:2      | Reached skill level 1 in Polearms
  1090 | D:2      | Reached skill level 1 in Staves
  1090 | D:2      | Reached skill level 1 in Ranged Weapons
  1090 | D:2      | Reached skill level 1 in Throwing
  1090 | D:2      | Reached skill level 1 in Armour
  1090 | D:2      | Reached skill level 1 in Stealth
  1090 | D:2      | Reached skill level 1 in Shields
  1090 | D:2      | Reached skill level 1 in Evocations
  1326 | D:2      | Reached XP level 4. HP: 41/41 MP: 8/8
  1351 | D:2      | Found a faded altar of an unknown god.
  1721 | D:3      | Found Guchomipno's Distillery.
  1735 | D:3      | Reached skill level 1 in Conjurations
  1735 | D:3      | Reached skill level 1 in Hexes
  1735 | D:3      | Reached skill level 1 in Summonings
  1735 | D:3      | Reached skill level 1 in Necromancy
  1735 | D:3      | Reached skill level 1 in Translocations
  1735 | D:3      | Reached skill level 1 in Transmutations
  1735 | D:3      | Reached skill level 1 in Ice Magic
  1735 | D:3      | Reached skill level 1 in Air Magic
  1735 | D:3      | Reached skill level 1 in Earth Magic
  1735 | D:3      | Reached skill level 1 in Poison Magic
  1885 | D:3      | Identified the amulet of Sid Neew {Spirit rN+ Will+ Str-2
                  | Dex+4}
  2355 | D:3      | Reached XP level 5. HP: 28/47 MP: 7/9
  2382 | D:3      | Quit the game

Illustrated notes

Levels and vault maps discovered:
D:1:      dpeg_arrival_shelter, layout_basic, wad_floor_pattern_2
D:2:      layout_loops_ring, chequers_ecumenical_altar_twisty
D:3:      layout_loops_ring, serial_shops, shop
D:4:      layout_basic

Skill      XL: |  1  2  3  4 |
---------------+-------------+-----
Short Blades   | 1 |  1.4
Long Blades    | 1 |  1.4
Axes           | 1 |  1.4
Maces & Flails | 1 |  1.4
Polearms       | 1 |  1.4
Staves         | 1 |  1.4
Ranged Weapons | 1 |  1.4
Throwing       | 1 |  1.4
Armour         | 1 |  1.4
Stealth        | 1 |  1.4
Shields        | 1 |  1.4
Evocations     | 1 |  1.4
Spellcasting   | 3 |  3.1
Conjurations   | 1 |  1.1
Hexes          | 1 |  1.1
Summonings     | 1 |  1.1
Necromancy     | 1 |  1.1
Translocations | 1 |  1.1
Transmutations | 1 |  1.1
Ice Magic      | 1 |  1.1
Air Magic      | 1 |  1.1
Earth Magic    | 1 |  1.1
Poison Magic   | 1 |  1.1
Invocations    | 3 |  3.0
Fighting       | |  6.6
Dodging        | |  2.9
Unarmed Combat | |  2.9
Fire Magic     | |  5.5

Action                   |  1- 3 |  4- 6 || total
-------------------------+-------+-------++-------
Melee: Unarmed           |     7 |       ||     7
       Dagger            |    55 |    55 ||   110
       Bite              |     2 |     4 ||     6
       Punch             |     1 |     2 ||     3
       Whip              |       |     7 ||     7
 Cast: Foxfire           |    23 |    12 ||    35
 Stab: Sleeping          |     1 |     1 ||     2
Armor: Leather armour    |    22 |    16 ||    38
Dodge: Dodged            |    33 |    34 ||    67
